 Dungeon Crawl Stone Soup version 0.29.1-2-gbd0b4ee654 (webtiles) character file.

Game seed: 14354018498269226485

4169 KittyFluff the Basher (level 10, -19/94 HPs)
             Began as a Gargoyle Berserker on Nov 1, 2022.
             Was an Elder of Trog.
             Demolished by a komodo dragon (24 damage)
             ... on level 7 of the Dungeon on Nov 2, 2022.
             The game lasted 00:39:59 (7504 turns).

KittyFluff the Basher (Gargoyle Berserker)          Turns: 7504, Time: 00:39:59

Health: -19/94     AC: 16    Str: 27    XL:     10   Next: 28%
Magic:  10/10      EV: 13    Int:  8    God:    Trog [****..]
Gold:   586        SH:  0    Dex: 13    Spells: 9/9 levels left

rFire   . . .      SeeInvis .   Z - +0 quarterstaff
rCold   + . .      Faith    .   (shield currently unavailable)
rNeg    + . .      Spirit   .   X - +0 steam dragon scales
rPois   ∞          Reflect  .   n - +0 helmet
rElec   +          Harm     .   e - +0 cloak
rCorr   .          Rampage  .   (no gloves)
Will    .....                   (no boots)
Stlth   ..........              i - amulet of regeneration
HPRegen 1.05/turn               O - +6 ring of strength
MPRegen 0.12/turn               B - ring of protection from cold

@: berserking, very quick
A: sickness immunity, AC +7, negative energy resistance 1, electricity
resistance, torment resistance 1, petrification resistance
a: Renounce Religion, Berserk, Trog's Hand, Brothers in Arms


You were on level 7 of the Dungeon.
You worshipped Trog.
Trog was greatly pleased with you.
You visited 1 branch of the dungeon, and saw 8 of its levels.

You collected 586 gold pieces.

Inventory:

Hand Weapons
 p - a +0 sling
 Z - a +0 quarterstaff (weapon)
Missiles
 g - 6 boomerangs (quivered)
 k - 16 poisoned darts
 G - 6 javelins
 K - a curare-tipped dart
Armour
 e - a +0 cloak (worn)
 n - a +0 helmet (worn)
 A - a +3 scale mail
 N - a +0 robe of positive energy
 X - +0 steam dragon scales (worn)
Jewellery
 i - an amulet of regeneration (around neck)
 r - a ring of fire
 s - a ring of willpower
 B - a ring of protection from cold (right hand)
 F - a ring of ice
 I - a ring of protection from fire
 O - a +6 ring of strength (left hand)
 T - a ring of protection from fire
Wands
 L - a wand of roots (21)
 Q - a wand of digging (15)
 V - a wand of mindburst (17)
 W - a wand of acid (7)
Scrolls
 a - a scroll of enchant armour {unknown}
 c - 3 scrolls of teleportation {unknown}
 f - 2 scrolls of magic mapping {unknown}
 h - 2 scrolls of fog {unknown}
 l - a scroll of immolation {unknown}
 q - 2 scrolls of summoning {unknown}
 t - a scroll of enchant weapon {unknown}
 w - a scroll of vulnerability {unknown}
 y - 5 scrolls of noise {unknown}
 E - 4 scrolls of poison {unknown}
 H - a scroll of amnesia {unknown}
 J - a scroll of brand weapon {unknown}
 R - a scroll of blinking {unknown}
 Y - a scroll of identify
Potions
 d - 3 potions of flight
 j - 2 potions of resistance
 m - a potion of heal wounds
 o - a potion of degeneration {unknown}
 u - a potion of attraction {unknown}
 v - 2 potions of lignification
 x - a potion of ambrosia {unknown}
 z - 3 potions of might
 D - a potion of curing {unknown}
 S - 4 potions of haste
 U - 2 potions of berserk rage {unknown}


   Skills:
 + Level 7.0 Fighting
 + Level 10.1(10.2) Maces & Flails
 * Level 0.3(6.3) Staves
 + Level 7.6 Armour
 + Level 4.9 Dodging
 + Level 3.8 Stealth


You had 9 spell levels left.
You didn't know any spells.
Your spell library contained the following spells:

 Spells                   Type           Power      Damage    Failure   Level
 Ensorcelled Hibernation  Hex/Ice        0%         N/A       54%         2
 Passwall                 Tmut/Erth      0%         N/A       54%         2
 Swiftness                Air            0%         N/A       78%         3


Dungeon Overview and Level Annotations

Branches:
Dungeon (8/15)             Temple (0/1) D:6
   Lair: D:8-11

Altars:
Cheibriados
Gozag
Makhleb
Okawaru
Ru
Uskayaw
Vehumet
Wu Jian
Xom
Yredelemnul
Zin

Shops:
D:3 =   D:7 (


Innate Abilities, Weirdness & Mutations

You are immune to sickness and miasma.
Your stone body is resilient. (AC +7)
You are immune to poison.
You resist negative energy. (rN+)
You are resistant to electric shocks. (rElec)
You are resistant to unholy torment.
You are immune to petrification.


Message History

You kill the orc!
Trog accepts your kill.
You hit the komodo dragon.
The komodo dragon is lightly wounded.
The komodo dragon hisses menacingly.
The komodo dragon barely misses you.
You hit the komodo dragon.
The komodo dragon is lightly wounded.
The komodo dragon bites you!!
You hit the komodo dragon but do no damage.
The komodo dragon is lightly wounded.
The komodo dragon bites you but does no damage.
You barely miss the komodo dragon.
The komodo dragon is lightly wounded.
The komodo dragon bites you!
You hit the komodo dragon.
The komodo dragon is moderately wounded.
An orc wizard comes into view. It is wielding a +0 dagger.
The orc wizard gestures wildly while chanting.
The orc wizard flickers and vanishes!
Deactivating autopickup; reactivate with Ctrl-A.
The komodo dragon bites you!
You hit the komodo dragon.
The komodo dragon is heavily wounded.
The komodo dragon bites you!!
* * * LOW HITPOINT WARNING * * *
You hear a shout!
You hear a croak.
The komodo dragon bites you!
* * * LOW HITPOINT WARNING * * *
You climb upwards.
Reactivating autopickup.
There is a stone staircase leading down here.
A red film seems to cover your vision as you go berserk!
You feel yourself moving faster!
You feel mighty! The komodo dragon barely misses you.
You sock the komodo dragon!
The komodo dragon is heavily wounded.
The komodo dragon bites you!!
You die...

#.#.#.##..# ##.###.....# #
#.#.....<.# #.# #####.# #
#.######.## #.# #.##### #.#
#.# ##'## #......
#.######.# ##.(.## ####.##
#........# ##.....## #.#.#
########.## ##.......##
##.# #.
##...####..l."....###.## ##
#.......+.@.......'....###.
##...####.........####..#..
##.## ##.......## #...##
#.# ##.....## #.### #.#
#####...## #.# #.#
#.......# #.# #.# #.####..#
#.# #.# ##.####..## #.#
##.###.........# #.#


You could see a komodo dragon.

Vanquished Creatures
  2 hornets
  Sigmund (D:2)
  A wyvern (D:7)
  5 yaks (D:5)
  A steam dragon (D:7)
  3 ice beasts
  3 sky beasts
  3 ogres
  A black bear (D:6)
  A phantom (D:6)
  2 centaurs
  2 kobold brigands (D:6)
  A necrophage (D:4)
  4 bullfrogs
  4 scorpions
  A howler monkey (D:6)
  5 hounds
  A gnoll bouda (D:5)
  3 orc priests
  4 iguanas
  3 orc wizards
  Natasha (thrice) (D:2)
  A hound skeleton (D:4)
  Robin (D:2)
  3 adders
  4 gnolls (D:5)
  A shadow imp (D:7)
  3 white imps
  An ufetubus (D:4)
  7 dart slugs
  23 orcs
  3 ball pythons
  9 endoplasms
  2 giant cockroaches
  16 goblins
  10 hobgoblins
  7 kobolds
  4 quokkas
  6 bats
  4 frilled lizards
  6 rats
165 creatures vanquished.

Vanquished Creatures (others)
  4 fungi (D:8)
  3 plants (D:8)
7 creatures vanquished.

Grand Total: 172 creatures vanquished

Notes
Turn   | Place    | Note
-------+----------+-------------------------------------------
     0 | D:1      | KittyFluff the Gargoyle Berserker began the quest for the
                  | Orb.
     0 | D:1      | Reached XP level 1. HP: 14/14 MP: 1/1
   243 | D:1      | Reached XP level 2. HP: 19/19 MP: 2/2
   434 | D:1      | Reached XP level 3. HP: 24/24 MP: 3/3
   481 | D:1      | Reached ** piety under Trog
  1003 | D:2      | Noticed Natasha
  1017 | D:2      | Killed Natasha
  1018 | D:2      | Reached XP level 4. HP: 17/29 MP: 4/4
  1039 | D:2      | Noticed Sigmund
  1050 | D:2      | Killed Sigmund
  1051 | D:2      | Reached skill level 4 in Maces & Flails
  1051 | D:2      | Reached skill level 1 in Stealth
  1051 | D:2      | Reached XP level 5. HP: 33/33 MP: 5/5
  1051 | D:2      | Reached XP level 6. HP: 38/38 MP: 6/6
  1163 | D:2      | Reached skill level 5 in Maces & Flails
  1316 | D:2      | Noticed Natasha
  1335 | D:2      | Killed Natasha
  1460 | D:2      | Noticed Robin
  1467 | D:2      | Killed Robin
  1646 | D:2      | Found a faded altar of an unknown god.
  1663 | D:2      | Found a faded altar of an unknown god.
  1689 | D:2      | Noticed Natasha
  1700 | D:2      | Killed Natasha
  2477 | D:3      | Found Vianubun's One-of-a-Kind Rings.
  2700 | D:4      | Reached *** piety under Trog
  2794 | D:4      | Found a shimmering altar of Xom.
  2802 | D:4      | Found a sacrificial altar of Ru.
  2811 | D:4      | Found a snail-covered altar of Cheibriados.
  2820 | D:4      | Found a glowing silver altar of Zin.
  2828 | D:4      | Found a basalt altar of Yredelemnul.
  2839 | D:4      | Found a hide-covered altar of Uskayaw.
  2848 | D:4      | Found a radiant altar of Vehumet.
  3014 | D:4      | Found a burning altar of Makhleb.
  3031 | D:4      | Reached XP level 7. HP: 42/43 MP: 7/7
  3341 | D:5      | Entered Level 5 of the Dungeon
  3408 | D:5      | Reached skill level 6 in Maces & Flails
  3934 | D:5      | Reached skill level 5 in Fighting
  3934 | D:5      | Reached XP level 8. HP: 35/49 MP: 8/8
  4006 | D:5      | Reached skill level 5 in Armour
  4295 | D:5      | Reached skill level 7 in Maces & Flails
  4401 | D:5      | Noticed a yak
  4401 | D:5      | Noticed a yak
  4402 | D:5      | Noticed a yak
  4403 | D:5      | Noticed a yak
  4422 | D:5      | Noticed a yak
  4434 | D:5      | Killed a yak
  4437 | D:5      | Killed a yak
  4445 | D:5      | Killed a yak
  4446 | D:5      | Reached skill level 8 in Maces & Flails
  4446 | D:5      | Reached XP level 9. HP: 54/55 MP: 9/9
  4558 | D:5      | Found an ornate altar of the Wu Jian Council.
  4771 | D:6      | Noticed a hornet
  4899 | D:6      | Found an iron altar of Okawaru.
  5026 | D:6      | Reached **** piety under Trog
  5112 | D:6      | Reached skill level 9 in Maces & Flails
  5577 | D:6      | Found a staircase to the Ecumenical Temple.
  5965 | D:6      | Found an opulent altar of Gozag.
  5986 | D:6      | Killed a hornet
  6739 | D:7      | Reached XP level 10. HP: 61/61 MP: 10/10
  6994 | D:7      | Found Len Ugh's Antique Weapon Shop.
  7043 | D:7      | Reached skill level 10 in Maces & Flails
  7501 | D:8      | HP: 1/63 [komodo dragon (14)]
  7504 | D:7      | Demolished by a komodo dragon

Illustrated notes

Levels and vault maps discovered:
D:1:      eino_arrival_water_star, layout_loops_ring
D:2:      layout_loops_ring, hellmonk_ecumenical_altar_the_god_not_taken,
          grunt_ministairs_2, chequers_serial_rivers_micro_e, uniq_robin,
          uniq_sigmund, uniq_natasha
D:3:      layout_basic, nicolae_shop_unique_rings
D:4:      layout_rooms, grunt_temple_overflow_octagram,
          makhleb_blood_cavern_becter, small_statue_intersection,
          due_unseen_surprise
D:5:      layout_basic, nicolae_wu_jian_immortal_techniques
D:6:      kennysheep_spiral_hall, layout_loops_cross,
          nicolae_gozag_seed_capital, mainiacjoe_overflow_surrounded_room,
          minmay_temple_entry_nine_rooms
D:7:      layout_loops_corners, serial_shops, nicolae_diamond_shop
D:8:      layout_cave_pools, led_sif_pool, grunt_lair_entry_orc_guard_hut,
          enter_bailey_5, st_stairs_13

Skill      XL: |  1  2  3  4  5  6  7  8  9 10 |
---------------+-------------------------------+-----
Dodging        | 2 3 4 |  4.9
Fighting       | 4 5 6 7 |  7.0
Maces & Flails | 4 5 6 8 9 10 | 10.1
Armour         | 3 4 6 7 |  7.6
Stealth        | 1 2 3 |  3.8
Staves         | |  0.3

Action                   |  1- 3 |  4- 6 |  7- 9 | 10-12 || total
-------------------------+-------+-------+-------+-------++-------
Melee: Mace              |    93 |   154 |   157 |       ||   404
       Punch             |       |     3 |     8 |       ||    11
       Flail             |       |       |   200 |    42 ||   242
       Quarterstaff      |       |       |       |    23 ||    23
Invok: Berserk           |       |     1 |     2 |     1 ||     4
Evoke: Wand              |       |       |     1 |       ||     1
  Use: Scroll            |       |       |     6 |     1 ||     7
 Stab: Sleeping          |     1 |     2 |     1 |     1 ||     5
Armor: Animal skin       |    37 |    51 |    53 |       ||   141
       Leather armour    |       |       |    92 |     9 ||   101
       Steam dragon scal |       |       |       |    10 ||    10
Dodge: Dodged            |    91 |    87 |   224 |    38 ||   440
